Map: 프리온 단구

Players

Scarlett - Winner!

  • Race: Zerg Zerg
  • League: Diamond

Solar

  • Race: Zerg Zerg
  • League: Grandmaster

VOD

https://www.youtube.com/watch?v=EU6-EiZZlJc

Description

Time

  • Played on: April 14, 2016, 2:54 a.m.
  • Length: 13:27
Show
View Real Time Build Order
Export as new Build Order

Scarlett Zerg - Winner!

Build Orders: Pool First 

Get SALT Encoding   

  12  0:00  Drone  
  13  0:08  Drone  
  14  0:17  Overlord  
  14  0:22  Extractor  
  14  0:23  Drone  
  15  0:36  Drone x2  
  17  0:46  Spawning Pool  
  16  0:50  Drone  
  17  1:07  Hatchery  
  16  1:12  Drone  
  16  1:14  Extractor  
  16  1:18  Drone  
  17  1:30  Drone  
  18  1:33  Zergling x2, Queen  
  18  1:39  Overlord  
  21  1:51  Drone  
  22  2:00  Drone  
  23  2:08  Queen  
  25  2:17  Overlord  
  25  2:19  Queen  
  25  2:20  Drone  
  28  2:23  Drone  
  28  2:33  Drone x2  
  30  2:39  Zergling x2  
  30  2:40  Drone x2  
  30  2:42  Drone  
  34  2:46  Queen  
  36  2:53  Spine Crawler  
  36  2:57  Drone x2  
  37  3:03  Lair  
  37  3:06  Drone x2  
  39  3:20  Drone  
  39  3:21  Drone x3  
  43  3:32  Roach Warren, Drone  
  43  3:33  Overlord  
  43  3:34  Evolution Chamber  
  42  3:35  Extractor x2  
  42  3:36  Extractor  
  39  3:45  Drone  
  39  3:46  Drone x3  
  39  3:47  Overlord  
  43  4:00  Overlord  
  43  4:01  Drone x4  
  47  4:04  Spire  
  46  4:10  Zerg Missile Weapons Level 1  
  46  4:16  Glial Reconstitution  
  46  4:19  Drone  
  46  4:20  Drone x3  
  46  4:22  Overseer  
  50  4:26  Drone  
  50  4:27  Drone  
  52  4:33  Drone x2  
  52  4:35  Drone x2  
  56  4:45  Roach x4  
  64  4:53  Overlord x3  
  62  5:16  Mutalisk x3  
  62  5:17  Mutalisk  
  62  5:18  Hatchery  
  69  5:23  Overlord, Mutalisk  
  69  5:26  Roach x2  
  75  5:31  Queen  
  77  5:36  Roach x3  
  85  5:43  Roach x3  
  89  5:58  Overlord x2  
  89  5:59  Roach x4  
  97  6:05  Overlord x2  
  97  6:10  Zerg Missile Weapons Level 2  
  97  6:22  Overlord, Roach  
  97  6:23  Roach x2  
  105  6:25  Roach  
  105  6:28  Roach  
  109  6:33  Roach x3  
  113  6:41  Roach  
  113  6:42  Roach x2  
  119  6:51  Roach x4  
  127  6:56  Roach  
  127  6:57  Roach x3  
  127  7:00  Roach  
  137  7:05  Hydralisk Den  
  134  7:12  Roach x5  
  110  7:37  Roach x6  
  110  7:38  Queen x2  
  110  7:39  Drone x3  
  110  7:40  Drone x2  
  113  7:58  Muscular Augments  
  113  8:01  Hydralisk x6  
  117  8:12  Hydralisk x2  
  97  8:23  Extractor  
  97  8:24  Extractor, Drone x4  
  97  8:25  Hydralisk, Drone x2  
  103  8:28  Spore Crawler  
  103  8:29  Spore Crawler  
  101  8:42  Overlord  
  101  8:43  Overlord  
  101  8:44  Mutalisk  
  103  8:54  Spore Crawler  
  102  8:56  Overlord x2  
  102  9:01  Roach  
  99  9:06  Mutalisk x4  
  107  9:14  Ravager, Overseer  
  108  9:22  Mutalisk  
  107  9:28  Drone x5  
  112  9:33  Extractor  
  112  9:34  Spore Crawler, Mutalisk x2  
  112  9:36  Spore Crawler  
  113  9:43  Mutalisk, Queen  
  113  9:49  Mutalisk  
  115  9:55  Overlord x2  
  115  10:07  Mutalisk x2  
  115  10:10  Mutalisk  
  115  10:12  Spore Crawler  
  115  10:13  Queen x2  
  124  10:14  Drone  
  124  10:15  Drone x6  
  124  10:17  Zerg Flyer Weapons Level 1  
  124  10:18  Queen  
  133  10:22  Mutalisk  
  133  10:23  Zergling x2  
  133  10:24  Zergling x4  
  138  10:30  Mutalisk  
  140  10:36  Mutalisk  
  142  10:45  Mutalisk  
  142  10:54  Mutalisk x2  
  146  11:03  Mutalisk  
  148  11:04  Overlord x5  
  148  11:06  Mutalisk  
  148  11:09  Queen  
  152  11:12  Mutalisk  
  154  11:21  Mutalisk  
  154  11:22  Zergling x2  
  154  11:23  Zergling x10  
  154  11:25  Hatchery  
  161  11:27  Mutalisk  
  163  11:36  Mutalisk  
  165  11:40  Mutalisk  
  165  11:45  Mutalisk  
  169  11:57  Infestation Pit  
  167  12:13  Drone  
  167  12:14  Drone x7  
  167  12:15  Spore Crawler  
  174  12:18  Spore Crawler  
  174  12:20  Mutalisk x3  
  179  12:28  Extractor x2  
  164  12:43  Mutalisk x4  
  165  12:50  Mutalisk  
  168  12:51  Zergling x18  
  168  12:52  Zergling x8  
  180  12:58  Mutalisk  
  180  13:00  Zergling x10  
Show
View Real Time Build Order
Export as new Build Order

Solar Zerg 

Build Orders: Hatch First, Muta Ling Bane 

Get SALT Encoding   

  12  0:00  Drone  
  13  0:07  Drone  
  14  0:17  Overlord  
  14  0:23  Extractor  
  14  0:24  Drone  
  15  0:36  Drone x2  
  17  0:45  Drone  
  18  0:55  Hatchery  
  17  0:57  Drone  
  17  1:03  Extractor  
  17  1:12  Spawning Pool  
  17  1:16  Drone  
  17  1:18  Drone  
  18  1:26  Drone  
  19  1:39  Overlord  
  19  1:49  Drone  
  20  1:58  Queen  
  20  2:00  Zergling x2  
  23  2:06  Queen, Metabolic Boost  
  25  2:09  Zergling x2  
  25  2:12  Drone  
  27  2:17  Drone  
  27  2:22  Drone  
  29  2:27  Baneling Nest  
  29  2:29  Drone  
  29  2:33  Drone  
  30  2:39  Zergling x2  
  31  2:46  Zergling x2  
  32  2:52  Overlord  
  32  2:55  Drone  
  32  2:56  Hatchery  
  32  3:00  Drone  
  32  3:04  Zergling x2  
  33  3:14  Baneling  
  33  3:15  Drone x7  
  40  3:21  Extractor  
  40  3:25  Overlord  
  40  3:26  Drone  
  40  3:33  Roach Warren  
  39  3:37  Drone x2  
  39  3:39  Lair  
  41  3:43  Extractor, Drone x2  
  41  3:46  Zergling x2  
  41  3:47  Drone  
  44  3:49  Drone  
  44  3:51  Extractor  
  44  3:59  Queen  
  44  4:00  Overlord  
  44  4:02  Drone  
  47  4:09  Drone x2  
  49  4:10  Drone  
  49  4:11  Drone  
  49  4:12  Drone  
  51  4:22  Evolution Chamber  
  51  4:23  Drone  
  51  4:25  Overlord  
  51  4:29  Drone  
  51  4:30  Drone  
  51  4:31  Drone  
  54  4:32  Drone x2  
  54  4:33  Roach  
  54  4:34  Roach  
  60  4:39  Glial Reconstitution  
  60  4:41  Overseer  
  60  4:42  Roach  
  60  4:43  Roach  
  64  4:48  Roach  
  64  4:50  Overlord  
  66  4:55  Roach x2  
  66  4:58  Overlord  
  69  5:06  Roach x3  
  73  5:10  Roach  
  73  5:11  Roach x2  
  73  5:13  Overlord  
  79  5:20  Spire  
  77  5:21  Extractor  
  77  5:22  Extractor  
  77  5:23  Drone  
  77  5:24  Drone x3  
  77  5:27  Drone  
  81  5:28  Drone x2  
  81  5:32  Spore Crawler  
  81  5:36  Spore Crawler  
  81  5:39  Spore Crawler x2, Drone  
  81  5:40  Drone  
  81  5:41  Drone  
  81  5:44  Drone  
  81  5:45  Drone  
  81  5:49  Overlord  
  83  5:53  Drone  
  76  5:58  Overlord  
  76  6:01  Overlord  
  74  6:10  Zergling x4, Drone  
  74  6:11  Zergling x10  
  80  6:16  Overlord  
  80  6:22  Drone x2  
  82  6:31  Mutalisk x4  
  82  6:32  Mutalisk x6  
  102  6:38  Mutalisk  
  103  6:40  Mutalisk  
  103  6:45  Mutalisk  
  103  6:46  Overlord  
  107  6:47  Overlord  
  107  6:53  Overlord  
  107  6:55  Mutalisk  
  107  6:57  Mutalisk  
  107  6:59  Zergling x6  
  113  7:02  Overlord  
  113  7:08  Mutalisk  
  112  7:10  Zergling x14  
  105  7:19  Mutalisk x2  
  105  7:21  Queen  
  97  7:30  Mutalisk x2  
  97  7:32  Zergling x2  
  97  7:34  Zergling x2  
  97  7:35  Drone  
  97  7:36  Drone  
  91  7:38  Drone  
  84  7:48  Mutalisk  
  78  7:52  Zergling x4  
  78  7:54  Zergling x2  
  78  7:55  Roach  
  78  7:57  Roach x2  
  82  8:00  Roach x2  
  82  8:03  Roach  
  82  8:05  Zergling x4  
  87  8:07  Drone  
  87  8:09  Drone  
  87  8:10  Drone  
  87  8:15  Drone  
  87  8:16  Drone  
  88  8:20  Drone  
  88  8:22  Drone  
  88  8:26  Queen  
  89  8:33  Queen  
  93  8:42  Centrifical Hooks  
  93  8:46  Drone x2  
  96  8:48  Zergling x2  
  96  8:51  Zergling x2  
  96  8:53  Zergling x2  
  98  8:55  Drone  
  98  8:56  Drone  
  100  9:04  Zergling x6  
  100  9:07  Drone x2  
  100  9:09  Drone  
  106  9:12  Drone  
  106  9:13  Drone  
  106  9:15  Drone  
  110  9:17  Drone  
  110  9:19  Drone  
  111  9:25  Roach x2  
  111  9:28  Roach  
  117  9:33  Zerg Missile Weapons Level 1  
  116  9:39  Drone x2  
  117  9:48  Roach  
  117  9:51  Roach  
  121  9:54  Hatchery  
  121  9:55  Overlord  
  120  10:02  Spire  
  120  10:04  Drone  
  120  10:06  Drone  
  121  10:08  Extractor  
  121  10:11  Baneling x5  
  121  10:13  Drone x3  
  123  10:15  Drone  
  123  10:19  Overlord  
  124  10:34  Drone x2  
  126  10:38  Extractor  
  125  10:43  Extractor  
  124  10:57  Baneling x3  
  124  10:58  Baneling  
  124  11:00  Overlord  
  124  11:01  Drone  
  124  11:02  Drone  
  125  11:13  Zerg Flyer Weapons Level 1  
  125  11:14  Mutalisk x3  
  125  11:15  Mutalisk x9  
  149  11:18  Drone  
  149  11:19  Drone  
  149  11:20  Mutalisk  
  149  11:22  Baneling  
  149  11:23  Baneling  
  153  11:30  Mutalisk x2  
  157  11:34  Overlord  
  157  11:38  Mutalisk  
  159  11:40  Drone  
  159  11:42  Mutalisk  
  162  11:49  Mutalisk  
  163  11:56  Mutalisk x2  
  163  11:57  Queen  
  169  12:01  Mutalisk  
  169  12:04  Overlord  
  171  12:10  Mutalisk x2  
  171  12:15  Zergling x6  
  174  12:19  Mutalisk  
  174  12:22  Mutalisk  
  180  12:26  Mutalisk  
  180  12:28  Overlord  
  160  12:42  Mutalisk x4  
  135  12:45  Spore Crawler  
  135  12:47  Mutalisk  
  121  12:53  Mutalisk  
  121  12:55  Zergling x4  
  121  12:58  Mutalisk  
  121  13:01  Mutalisk  
  122  13:05  Drone x2  
  122  13:09  Drone  
  123  13:16  Extractor  
Tags
 
Add a new tag
Caveats
  • Supply blocks, unpowered buildings, or Contaminate may cause inaccurate times.
  • Supply counts are checked every 10 seconds.